 Dungeon Crawl Stone Soup version 0.25-a0-2-g6559c6c67a (webtiles) character file.

Game seed: 9123473673855507156, levelgen mode: deterministic

555 Kohma the Slinger (level 7, -3/51 HPs)
             Began as a Halfling Hunter on Oct 14, 2019.
             Slain by an orc warrior
             ... wielding a +0 flail
              (16 damage)
             ... on level 4 of the Dungeon.
             The game lasted 00:12:47 (3287 turns).

Kohma the Slinger (Halfling Hunter)                 Turns: 3287, Time: 00:12:48

Health: -3/51      AC: 11    Str: 13    XL:     7   Next: 55%
Magic:  7/7        EV: 18    Int:  9    God:
Gold:   194        SH:  0    Dex: 17    Spells: 6/6 levels left

rFire    . . .     SeeInvis .   b - +0 short sword
rCold    . . .     Gourm    .   (shield restricted)
rNeg     . . .     Faith    .   l - +0 ring mail
rPois    .         Spirit   .   A - +1 hat
rElec    .         Reflect  .   s - +0 cloak
rCorr    .         Harm     .   (no gloves)
MR       .....                  (no boots)
Stlth    +.........             (no amulet)
HPRegen  0.17/turn              i - +3 ring of protection
MPRegen  0.10/turn              (no ring)

@: no status effects
A: small, mutation resistance 1
a: no special abilities


You were on level 4 of the Dungeon.
You were not hungry.

You visited 1 branch of the dungeon, and saw 4 of its levels.

You collected 194 gold pieces.

Inventory:

Hand Weapons
 a - a +2 hunting sling
 b - a +0 short sword (weapon)
Missiles
 e - 109 stones
 g - 12 poisoned darts (quivered)
 r - 2 sling bullets
 t - 8 silver boomerangs
 v - 3 atropa-tipped darts
Armour
 c - a +0 leather armour
 l - a +0 ring mail (worn)
 s - a +0 cloak (worn)
 A - a +1 hat (worn)
Jewellery
 i - a +3 ring of protection (left hand)
 k - an uncursed ring of wizardry
Scrolls
 h - a scroll of teleportation
 j - 2 scrolls of fog
 o - 2 scrolls of remove curse
 u - 3 scrolls of enchant weapon
 w - a scroll of blinking
Potions
 m - a potion of ambrosia
 n - 2 potions of cancellation
 p - 2 potions of heal wounds
 q - a potion of resistance {unknown}
 z - a potion of mutation
 B - 2 potions of agility
Comestibles
 f - 8 rations


   Skills:
 - Level 5.7 Fighting
 - Level 12.0 Slings
 + Level 6.6 Armour
 + Level 7.8 Dodging
 - Level 1.1 Stealth


You had 6 spell levels left.
You didn't know any spells.
Your spell library contained the following spells:

 Spells                   Type           Power        Failure   Level  Hunger
 Animate Skeleton         Necr           N/A          61%         1    ##.....
 Apportation              Tloc           #.....       61%         1    ##.....
 Confusing Touch          Hex            #.....       61%         1    ##.....
 Summon Small Mammal      Summ           #...         61%         1    ##.....


Dungeon Overview and Level Annotations

Branches:
Dungeon (4/15)
 Temple: D:4-7

Altars:
Ashenzari
Dithmenos
Elyvilon
Kikubaaqudgha
Makhleb
Qazlal
Ru
Wu Jian
Xom


Innate Abilities, Weirdness & Mutations

You are small and have problems with some larger weapons.
You are somewhat resistant to further mutation.


Message History

The orc warrior closely misses you.
The orc wizard mumbles some strange words.
The orc wizard blinks!
The orc warrior looks more healthy.
You enter the shallow water.
Moving in this stuff is going to be slow.
The orc priest calls down the wrath of Beogh upon you.
Pain shoots through your body!
* * * LOW HITPOINT WARNING * * *
The orc priest calls upon Beogh to heal the orc warrior.
The orc warrior is healed somewhat.
Throwing (i - inventory. (/) - cycle)
g - 13 poisoned darts (quivered)
Press: ? - help, Shift-Dir - straight line, f/p - orc warrior
Aim: an orc warrior, wielding a +0 flail and wearing a +0 plate armour (moderately wounded)
You throw a poisoned dart.
The poisoned dart completely misses the orc warrior.
You hear a splash.
The orc priest looks satisfied for a moment.
The orc warrior hits you with a +0 flail!
You die...

.....#.# ##.## ....##÷#
#...### ...##..######
##.....## ..###.##....###
##...##..##### .##
#.#.......### #...####......
## ##........>..####...#
#....... #
#.............##...##
##......
##...............[.##
##..... #.............@...##
##.... # ##...........o....#
###.. #
##................#########
##.
###................≈.≈≈≈≈≈≈≈
##
.##...............≈.≈≈≈≈≈≈#
.##.....?........#.≈≈≈≈≈≈#
.................#≈≈≈≈.≈#
........######o..#o≈≈≈.##
..#....### ##....≈≈.≈.#


You could see an orc warrior, an orc priest and an orc.

Vanquished Creatures
  A centaur (D:4)
  A crimson imp (D:2)
  An orc wizard (D:3)
  An iguana (D:4)
  3 worker ants (D:4)
  4 adders
  4 gnolls (D:4)
  An adder skeleton (D:4)
  A worm (D:2)
  3 dart slugs
  3 leopard geckos
  12 orcs
  A ball python (D:2)
  4 bats
  4 giant cockroaches
  8 goblins
  6 hobgoblins
  A quokka (D:2)
  A frilled lizard (D:1)
  5 kobolds
  A leopard gecko skeleton (D:4)
  4 rats
70 creatures vanquished.

Notes
Turn   | Place    | Note
-------+----------+-------------------------------------------
     0 | D:1      | Kohma the Halfling Hunter began the quest for the Orb.
     0 | D:1      | Reached XP level 1. HP: 14/14 MP: 1/1
   187 | D:1      | Reached skill level 6 in Slings
   272 | D:1      | Reached XP level 2. HP: 19/19 MP: 2/2
   591 | D:1      | Reached XP level 3. HP: 24/24 MP: 3/3
   904 | D:2      | Found an ornate altar of the Wu Jian Council.
   913 | D:2      | Reached skill level 7 in Slings
   913 | D:2      | Reached XP level 4. HP: 29/29 MP: 4/4
  1180 | D:2      | Found a sacrificial altar of Ru.
  1321 | D:2      | Found a burning altar of Makhleb.
  1321 | D:2      | Found a shattered altar of Ashenzari.
  1321 | D:2      | Found a shadowy altar of Dithmenos.
  1323 | D:2      | Found a stormy altar of Qazlal.
  1325 | D:2      | Found an ancient bone altar of Kikubaaqudgha.
  1582 | D:3      | Reached skill level 8 in Slings
  1582 | D:3      | Reached XP level 5. HP: 22/34 MP: 5/5
  1826 | D:3      | Found a shattered altar of Ashenzari.
  1834 | D:3      | Found a shimmering altar of Xom.
  1834 | D:3      | Found a glowing golden altar of the Shining One.
  1836 | D:3      | Found a hide-covered altar of Uskayaw.
  1836 | D:3      | Found a shattered altar of Ashenzari.
  1836 | D:3      | Found a snail-covered altar of Cheibriados.
  2423 | D:4      | Noticed an orc warrior
  2484 | D:4      | Reached skill level 5 in Fighting
  2484 | D:4      | Reached skill level 11 in Slings
  2484 | D:4      | Reached XP level 6. HP: 46/46 MP: 6/6
  2700 | D:4      | Reached XP level 7. HP: 50/51 MP: 7/7
  2868 | D:4      | Reached skill level 12 in Slings
  2988 | D:4      | Found a white marble altar of Elyvilon.
  3287 | D:4      | Slain by an orc warrior

Levels and vault maps discovered:
D:1:      wander_arrival_estate, layout_basic
D:2:      layout_basic, minitemple, overflow_temple_1_default,
          hangedman_feature_mirror, nicolae_ru_the_path_less_chosen
D:3:      layout_basic, roderic_roman_lattice, serial_bayou_ford_a,
          doesnt_xom_only_xom
D:4:      layout_cave_pods, marbit_many_paths, first_ration,
          chequers_serial_rivers_large_a, elyvilon_altar_1

Skill      XL: |  1  2  3  4  5  6  7 |
---------------+----------------------+-----
Slings         | 6 7 8 11 12 | 12.0
Dodging        | 3 7 |  7.8
Fighting       | 5 |  5.7
Armour         | 6 |  6.6
Stealth        | |  1.1

Action                   |  1- 3 |  4- 6 |  7- 9 || total
-------------------------+-------+-------+-------++-------
 Fire: Hunting sling     |    58 |   128 |    61 ||   247
Throw: Dart              |       |       |     2 ||     2
  Use: Scroll            |       |    12 |     3 ||    15
       Potion            |       |     1 |       ||     1
  Eat: Chunk             |       |     5 |     2 ||     7
Armor: Ring mail         |     2 |    13 |     2 ||    17
Dodge: Dodged            |    11 |    21 |    12 ||    44

Table legend:
 A = Non-vault XP
 B = Vault XP
 C = Vault XP percentage of total XP
 D = Non-vault monster count
 E = Vault monster count
 F = Vault count percentage of total count
                 A         B        C        D         E       F
            +---------+---------+-------+---------+---------+-------
      Total |     571 |       2 |   0.3 |      69 |       1 |   1.4
            +---------+---------+-------+---------+---------+-------
        D:1 |      31 |       0 |   0.0 |      17 |       0 |   0.0
        D:2 |      85 |       2 |   2.3 |      13 |       1 |   7.1
        D:3 |     116 |       0 |   0.0 |      23 |       0 |   0.0
        D:4 |     339 |       0 |   0.0 |      16 |       0 |   0.0
            +---------+---------+-------+---------+---------+-------
